 Dungeon Crawl Stone Soup version 0.21.0-22-g11d5b52 (webtiles) character file.

256 mopl the Insei (level 6, -7/43 HPs)
             Began as a Barachi Transmuter on Jan 18, 2018.
             Mangled by a centaur (10 damage)
             ... on level 4 of the Dungeon.
             The game lasted 00:05:46 (3398 turns).

mopl the Insei (Barachi Transmuter)                 Turns: 3398, Time: 00:05:47

Health: -7/43      AC:  2    Str: 11    XL:     6   Next: 16%
Magic:  6/9        EV: 20    Int: 10    God:
Gold:   144        SH:  0    Dex: 18    Spells: 3/9 levels left

rFire    . . .     SeeInvis .     - Unarmed
rCold    . . .     Gourm    .   (shield currently unavailable)
rNeg     . . .     Faith    .   (armour currently unavailable)
rPois    .         Spirit   .   (helmet currently unavailable)
rElec    .         Reflect  .   (cloak currently unavailable)
rCorr    .         Harm     +   (gloves currently unavailable)
MR       +....                  (boots currently unavailable)
Stlth    +++.......             s - amulet "Kametwacw" {Harm *Drain rPois MR+ Int-5 Stlth+}
HPRegen  0.14/turn              (no ring)
MPRegen  0.11/turn              (no ring)

@: spider-form (expiring)
A: tiny, +LOS, swims
a: End Transformation


You were on level 4 of the Dungeon.
You were hungry.
You were a venomous arachnid creature.
You visited 1 branch of the dungeon, and saw 4 of its levels.

You collected 144 gold pieces.

Inventory:

Hand Weapons
 z - a cursed -3 blowgun
Missiles
 a - 87 arrows
 l - 3 throwing nets (quivered)
 y - 12 poisoned needles
Armour
 b - a +0 robe (melded)
 o - a +0 buckler
Jewellery
 s - the amulet "Kametwacw" (around neck) {Harm *Drain rPois MR+ Int-5 Stlth+}
   (You found it on level 4 of the Dungeon)

   [amulet of harm]

   It increases damage dealt and taken.
   It affects your intelligence (-5).
   It protects you from poison.
   It affects your resistance to hostile enchantments.
   It causes draining when unequipped.
   It makes you more stealthy.
Wands
 u - a wand of paralysis (12)
 v - a wand of digging (1)
Scrolls
 e - a scroll of amnesia {unknown}
 f - 3 scrolls of fear {unknown}
 g - a scroll of random uselessness {unknown}
 h - 3 scrolls of remove curse {unknown}
 i - 2 scrolls of fog {unknown}
 j - a scroll of blinking {unknown}
 k - a scroll of identify
 n - 3 scrolls of teleportation {unknown}
 q - 3 scrolls of enchant armour {unknown}
 r - 2 scrolls of enchant weapon {unknown}
Potions
 m - a potion of berserk rage {!q}
 p - 2 potions of curing
 t - a potion of mutation {!q}
 w - a potion of heal wounds
 x - a potion of flight
Books
 c - a book of Changes

   Spells                             Type                      Level
   a - Beastly Appendage              Transmutation                1
   b - Sticks to Snakes               Transmutation                2
   c - Spider Form                    Transmutation/Poison         3
   d - Ice Form                       Ice/Transmutation            4
   e - Blade Hands                    Transmutation                5
Comestibles
 d - 6 rations


   Skills:
 - Level 1.2 Fighting
 - Level 2.1 Dodging
 * Level 5.9 Unarmed Combat
 + Level 2.2 Spellcasting
 + Level 3.9 Transmutations
 - Level 2.4 Poison Magic


You had 3 spell levels left.
You knew the following spells:

 Your Spells              Type           Power        Failure   Level  Hunger
a - Beastly Appendage     Tmut           #.....       17%         1    ##.....
b - Spider Form           Tmut/Pois      #.........   45%         3    ####...
w - Sticks to Snakes      Tmut           #.......     22%         2    ###....


Dungeon Overview and Level Annotations

Branches:
Dungeon (4/15)
 Temple: D:4-7

Altars:
Fedhas
Xom
Yredelemnul
Zin

Annotations:
D:3 Pawles22's ghost, amateur TrFi
D:4 1 runed door


Innate Abilities, Weirdness & Mutations

Shadows flee at your approach. (+LOS)
You can swim through water.
((You cover ground slowly.))
((You can hop short distances.))


Message History

The centaur unwields an uncursed shortbow.
The centaur hits you.
* * * LOW HITPOINT WARNING * * *
The centaur closely misses you.
Casting: Beastly Appendage
Confirm with . or Enter, or press ? or * to list all spells.
You turn into a venomous arachnid creature.
Your +0 robe melds into your body.
Your transformation is almost over.
The centaur completely misses you.
Unknown command.
Unknown command.
You hit the centaur.
The centaur is poisoned.
The centaur is moderately wounded.
The centaur hits you.
* * * LOW HITPOINT WARNING * * *
You bite the centaur!
The centaur looks as sick as possible!
The centaur is almost dead.
The centaur hits you!
You die...

###._.# #.####.# #....#
#. ###...#### ###.# #.#
#....###.
8.#####.8####...# #.#
#........
................# #.#
#........
...#+#....###...# #.#
#........
...#p#...###########.#
#........ ...###...#
#.........# #........
.........# #....c....#
####..... ..#.######
#....s....# ##..#. ..#.#
#.....(...#########.#.
..#.#
#......(..............
..#.#
#........###########..
..#.#
#...^..................>
###.#
#.#......?.###########.#
#.# # #........# #.# #.#
#........# #.# #.#
.........## #.#


You could see a centaur.

Vanquished Creatures
  An ogre (D:4)
  An orc wizard (D:3)
  4 adders
  5 worms
  8 dart slugs
  4 leopard geckos
  3 orcs (D:3)
  4 bats
  3 giant cockroaches
  8 goblins
  7 hobgoblins
  4 jackals (D:2)
  3 frilled lizards
  A jackal skeleton (D:4)
  9 kobolds
  7 rats
72 creatures vanquished.

Vanquished Creatures (collateral kills)
  A goblin (D:2)
  A frilled lizard (D:2)
2 creatures vanquished.

Grand Total: 74 creatures vanquished

Notes
Turn   | Place    | Note
-------+----------+-------------------------------------------
     0 | D:1      | mopl the Barachi Transmuter began the quest for the Orb.
     0 | D:1      | Reached XP level 1. HP: 15/15 MP: 3/3
   298 | D:1      | Reached XP level 2. HP: 15/21 MP: 3/5
   305 | D:1      | Learned a level 2 spell: Sticks to Snakes
   653 | D:1      | Reached skill level 4 in Unarmed Combat
  1005 | D:2      | Reached XP level 3. HP: 19/26 MP: 4/6
  1010 | D:2      | Learned a level 3 spell: Spider Form
  1253 | D:2      | Reached skill level 3 in Transmutations
  1450 | D:2      | Reached XP level 4. HP: 31/32 MP: 3/7
  1461 | D:2      | Reached skill level 1 in Poison Magic
  1923 | D:2      | Found a blossoming altar of Fedhas.
  2219 | D:3      | Noticed an angel
  2221 | D:3      | Found a glowing silver altar of Zin.
  2221 | D:3      | Found a shimmering altar of Xom.
  2226 | D:3      | Reached skill level 5 in Unarmed Combat
  2328 | D:3      | Reached XP level 5. HP: 29/37 MP: 4/8
  2488 | D:3      | Noticed Pawles22's ghost (amateur TrFi)
  2550 | D:4      | Found a runed door.
  2550 | D:4      | Noticed a human
  2557 | D:4      | Noticed an ogre
  2564 | D:4      | Killed an ogre
  2564 | D:4      | Reached skill level 2 in Poison Magic
  2564 | D:4      | Reached XP level 6. HP: 21/43 MP: 5/9
  2567 | D:4      | Found a basalt altar of Yredelemnul.
  2655 | D:4      | Got a faintly glowing bone amulet
  2656 | D:4      | Identified the amulet "Kametwacw" {Harm *Drain rPois MR+ Int-5 Stlth+} (You found it on level 4 of the Dungeon)
  3398 | D:4      | Mangled by a centaur

Skill      XL: |  1  2  3  4  5 |
---------------+----------------+-----
Unarmed Combat | 4 5 |  5.9
Transmutations | 3 |  3.9
Poison Magic   | 1 2 |  2.4
Fighting       | |  1.2
Dodging        | |  2.1
Spellcasting   | |  2.2

Action                   |  1- 3 |  4- 6 || total
-------------------------+-------+-------++-------
Melee: Unarmed           |   104 |   132 ||   236
       Kick              |     9 |     1 ||    10
       Headbutt          |     3 |     6 ||     9
 Cast: Beastly Appendage |    14 |    10 ||    24
       Spider Form       |     3 |     8 ||    11
       Sticks to Snakes  |       |     1 ||     1
 Abil: End Transformatio |     1 |       ||     1
  Use: Potion            |     1 |       ||     1
       Scroll            |       |     4 ||     4
 Stab: Sleeping          |       |     3 ||     3
  Eat: Chunk             |     3 |     8 ||    11
Armor: Robe              |    16 |     8 ||    24
       Skin              |     1 |     1 ||     2
Dodge: Dodged            |    62 |    75 ||   137
